 Dungeon Crawl Stone Soup version 0.20.0-10-g0535bb4 (webtiles) character file.

109 Inarius the Gusty (level 4, -2/29 HPs)
             Began as a Draconian Air Elementalist on June 6, 2017.
             Was an Initiate of Hepliaklqana.
             Killed by divine providence
             ... invoked by an orc priest
              (17 damage)
             ... on level 5 of the Dungeon.
             The game lasted 00:08:35 (2676 turns).

Inarius the Gusty (Draconian Air Elementalist)      Turns: 2676, Time: 00:08:36

Health: -2/29      AC: 11    Str: 11    XL:     4   Next: 59%
Magic:  1/7        EV: 12    Int: 16    God:    Hepliaklqana [......]
Gold:   99         SH:  0    Dex: 11    Spells: 2/8 levels left

rFire    . . .     SeeInvis .   e - +0 dagger
rCold    . . .     Gourm    .   (no shield)
rNeg     . . .     Faith    .   (armour unavailable)
rPois    .         Spirit   .   (helmet restricted)
rElec    .         Reflect  .   (no cloak)
rCorr    .         Harm     .   (no gloves)
MR       .....                  l - +0 pair of boots
Stlth    ++........             (no amulet)
Regen    0.1/turn               i - +5 ring of protection
MPRegen  0.1/turn               (no ring)

@: no status effects
A: unfitting armour, reduced essence, cold-blooded, AC +5
a: Recall Ancestor, Ancestor Identity, Renounce Religion


You were on level 5 of the Dungeon.
You worshipped Hepliaklqana.
Hepliaklqana was noncommittal.
You were not hungry.

You visited 1 branch of the dungeon, and saw 4 of its levels.

You collected 99 gold pieces.

Inventory:

Hand Weapons
 e - a +0 dagger (weapon)
Armour
 l - a +0 pair of boots (worn)
Jewellery
 i - a +5 ring of protection (left hand)
Scrolls
 c - 3 scrolls of identify {unknown}
 j - a scroll of teleportation {unknown}
 o - a scroll of fog {unknown}
Potions
 g - a potion of haste {unknown}
 m - a potion of heal wounds {unknown}
 n - a potion of magic {unknown}
 p - a potion of curing {unknown}
Books
 a - a book of Air

   Spells                             Type                      Level
   a - Shock                          Conjuration/Air              1
   b - Swiftness                      Charms/Air                   2
   c - Static Discharge               Conjuration/Air              3
   d - Airstrike                      Air                          4
   e - Lightning Bolt                 Conjuration/Air              5
Comestibles
 b - a bread ration
 f - 2 royal jellies
 h - 2 meat rations
 k - 5 fruits


   Skills:
 * Level 2.3 Dodging
 - Level 1.7 Stealth
 + Level 2.5 Spellcasting
 * Level 2.6 Conjurations
 * Level 0.6 Charms
 + Level 3.7 Air Magic


You had 2 spell levels left.
You knew the following spells:

 Your Spells              Type           Power        Failure   Level  Hunger
a - Shock                 Conj/Air       ##..         5%          1    #......
b - Swiftness             Chrm/Air       #.......     12%         2    ##.....
c - Static Discharge      Conj/Air       ##......     16%         3    ###....


Dungeon Overview and Level Annotations

Branches:
Dungeon (3/15)

Altars:
Hepliaklqana
Sif Muna
Xom

Annotations:
D:3 Sigmund


Innate Abilities, Weirdness & Mutations

Your plain brown scales are hard. (AC +5)
You cannot fit into any form of body armour.
You are cold-blooded and may be slowed by cold attacks.
Your life essence is reduced. (-10% HP)


Message History

The orc priest mumbles some strange prayers to Beogh against you.
You barely resist. The orc priest barely misses you.
Casting: Static Discharge
Confirm with . or Enter, or press ? or * to list all spells.
You don't have enough magic to cast that spell.
The leopard gecko barely misses you.
The orc wizard mumbles some strange words.
The orc wizard blinks!
The orc priest closely misses you.
The leopard gecko bites you but does no damage.
The orc priest begins to cast a cantrip, but forgets the words!
The orc priest misses you. The leopard gecko barely misses you.
The orc wizard mumbles some strange words.
The orc wizard blinks!
The orc priest invokes the aid of Beogh against you.
Pain shoots through your body!
The orc priest mumbles some strange prayers to Beogh against you.
Beogh smites you!
Ouch! That really hurt!
You die...

#..........##
#.....o.....#
#......#....#
#.......[....
#......####..
#.)..........
#....o.####..
#.#lo.......
#.#@#######.
#.#.# #.#.#
#.#.# #.#.#
#.# #.# ...


You could see 2 orc priests, an orc wizard and a leopard gecko.

Vanquished Creatures
  Jessica (D:2)
  An adder (D:2)
  5 worms (D:2)
  2 dart slugs (D:1)
  6 leopard geckos
  A ball python (D:2)
  7 bats
  3 hobgoblins
  2 quokkas (D:2)
  3 frilled lizards (D:1)
  7 goblins
  4 kobolds
  9 rats
51 creatures vanquished.

Notes
Turn   | Place    | Note
-------+----------+-------------------------------------------
     0 | D:1      | Inarius the Draconian Air Elementalist began the quest for the Orb.
     0 | D:1      | Reached XP level 1. HP: 14/14 MP: 3/3
   332 | D:1      | Reached XP level 2. HP: 20/20 MP: 3/5
   339 | D:1      | Learned a level 2 spell: Swiftness
  1049 | D:2      | Reached XP level 3. HP: 26/26 MP: 3/6
  1054 | D:2      | Learned a level 3 spell: Static Discharge
  1243 | D:2      | Noticed Jessica
  1247 | D:2      | Killed Jessica
  1593 | D:2      | Reached XP level 4. HP: 29/33 MP: 2/7
  2305 | D:2      | Found a deep blue altar of Sif Muna.
  2415 | D:2      | Found a shimmering altar of Xom.
  2416 | D:2      | Found a hazy altar of Hepliaklqana.
  2416 | D:2      | Noticed a wyvern
  2417 | D:2      | Noticed a spectral ugly thing
  2417 | D:2      | Noticed a wyvern
  2420 | D:2      | Became a worshipper of Hepliaklqana the Forgotten
  2597 | D:3      | Noticed Sigmund
  2667 | D:3      | You fall through a shaft for 2 floors!
  2667 | D:5      | Entered Level 5 of the Dungeon
  2676 | D:5      | Killed from afar by an orc priest

Skill      XL: |  1  2  3 |
---------------+----------+-----
Dodging        | 2 |  2.3
Conjurations   | 2 |  2.6
Stealth        | |  1.7
Spellcasting   | |  2.5
Charms         | |  0.6
Air Magic      | |  3.7

Action                   |  1- 3 |  4- 6 || total
-------------------------+-------+-------++-------
Melee: Dagger            |     5 |    19 ||    24
       Tailslap          |     1 |     2 ||     3
 Cast: Shock             |    72 |    49 ||   121
       Static Discharge  |       |     3 ||     3
       Swiftness         |       |     1 ||     1
  Eat: Chunk             |     3 |     4 ||     7
Armor: Skin              |    11 |    13 ||    24
Dodge: Dodged            |     9 |    18 ||    27
